 Dungeon Crawl Stone Soup version 0.26.1-10-gdfb7c7de75 (webtiles) character file.

Game seed: 10129912374000411195

107 infcreate the Sneak (level 4, -4/24 HPs)
             Began as a Vampire Enchanter on Apr 4, 2021.
             Slain by Natasha (7 damage)
             ... on level 2 of the Dungeon.
             The game lasted 00:08:09 (2052 turns).

infcreate the Sneak (Vampire Enchanter)             Turns: 2052, Time: 00:08:10

Health: -4/24      AC:  3    Str:  7    XL:     4   Next: 56%
Magic:  5/7        EV: 13    Int: 17    God:
Gold:   55         SH:  0    Dex: 15    Spells: 1/7 levels left

rFire    . . .     SeeInvis +   a - +1 dagger
rCold    + + .     Faith    .   (no shield)
rNeg     + + +     Spirit   .   b - +0 robe
rPois    ∞         Reflect  .   (no helmet)
rElec    .         Harm     .   (no cloak)
rCorr    .         Rampage  .   f - +0 pair of gloves (curse)
Will     .....                  (no boots)
Stlth    +++++.....             (no amulet)
HPRegen  0.00/turn              (no ring)
MPRegen  0.10/turn              (no ring)

@: bloodless
A: fangs 3, see invisible, unbreathing
a: Bat Form, Revivify


You were on level 2 of the Dungeon.
You visited 1 branch of the dungeon, and saw 2 of its levels.

You collected 55 gold pieces.


Innate Abilities, Weirdness & Mutations

You do not regenerate when monsters are visible.
You are frail without blood (-20% HP).
You can heal yourself when you bite living creatures.
You are immune to poison.
You have razor-sharp teeth.
You have supernaturally acute eyesight. (SInv)
You can survive without breathing.


   Skills:
 + Level 0.9 Fighting
 * Level 2.4 Short Blades
 * Level 3.0 Dodging
 * Level 5.3 Stealth
 + Level 2.3 Spellcasting
 * Level 5.3 Hexes


You had one spell level left.
You knew the following spells:

 Your Spells              Type           Power        Failure   Level
c - Corona                Hex            21%          2%          1
e - Ensorcelled Hibernat  Hex/Ice        20%          10%         2
t - Confusing Touch       Hex            19%          6%          3

Your spell library contained the following spells:

 Spells                   Type           Power        Failure   Level
 Tukima's Dance           Hex            19%          6%          3
 Dazzling Flash           Conj/Hex       20%          19%         3

Inventory:

Hand Weapons
 a - a +1 dagger (weapon)
Armour
 b - a +0 robe (worn)
 f - a cursed +0 pair of gloves (worn)
Jewellery
 j - an uncursed ring of magical power {unknown}
Scrolls
 c - a scroll of teleportation {@r4}
 d - a scroll of identify {unknown}
 g - a scroll of enchant weapon {unknown}
 i - a scroll of fear {unknown}
 k - a scroll of immolation {unknown}
 l - 2 scrolls of remove curse {unknown}
 m - 2 scrolls of amnesia {unknown}
Potions
 e - a potion of mutation {unknown}
 h - a potion of curing {unknown}

Dungeon Overview and Level Annotations

Branches:
Dungeon (2/15)

Altars:
Ashenzari

Annotations:
D:2 Natasha

.'..........# #.....'.....#**
.#######....# #.....#.#......
......##....# #####.#.#..####
#####.##....###########.#.####***
......##....#.)................,*
.......+....#.#########.#.#####,*
.....###...##.#.....†...#+####*,*
.....# #...##.#'######.......#*,*
.....###...#....@.# #.......#*,*
#.#......###....h.# #.......#*,,
#.#.####.# #......#**#.......#*,,
.......#.# #........,#.......#*,,
#.#..#.#.# #.........##.......,,,
#.#....#.###.........##.#.####***
#.#....#.#.......#.(.##.#....,,,.
#........#.......#...##.#.#.,*#.#
##########.......#...##.#..,,..,*


You could see Natasha (confused).


Message History

You hit Natasha but do no damage. Natasha claws you but does no damage.
You closely miss Natasha. Natasha completely misses you.
You hit Natasha but do no damage. Your bite misses Natasha. Natasha claws you.
* * * LOW HITPOINT WARNING * * *
You closely miss Natasha. You bite Natasha, but do no damage.
You hit Natasha but do no damage. Natasha casts a spell at you.
The magic dart hits you!
* * * LOW HITPOINT WARNING * * *
You hit Natasha but do no damage.
Natasha appears confused.
You bite Natasha.
You draw Natasha's blood!
You feel better.
Natasha is moderately wounded.
You hit Natasha but do no damage.
Natasha is moderately wounded.
Natasha barely misses you.
You barely miss Natasha.
Natasha is moderately wounded.
You barely miss Natasha. You bite Natasha.
You draw Natasha's blood!
You feel better.
Natasha is moderately wounded.
You hit Natasha.
Natasha is heavily wounded.
Natasha claws you.
* * * LOW HITPOINT WARNING * * *
You hit Natasha but do no damage.
Natasha is heavily wounded.
You closely miss Natasha.
Natasha is heavily wounded.
Natasha claws you!
You die...

Skill      XL: |  1  2  3  4 |
---------------+-------------+-----
Short Blades   | 2 |  2.4
Stealth        | 5 |  5.3
Hexes          | 5 |  5.3
Dodging        | 3 |  3.0
Fighting       | |  0.9
Spellcasting   | |  2.3

Action                   |  1- 3 |  4- 6 || total
-------------------------+-------+-------++-------
Melee: Dagger            |    54 |    23 ||    77
       Bite              |     1 |     4 ||     5
 Cast: Ensorcelled Hiber |    15 |     4 ||    19
       Corona            |     3 |       ||     3
       Confusing Touch   |       |     1 ||     1
 Abil: Exsanguinate      |     1 |       ||     1
  Use: Scroll            |     2 |       ||     2
 Stab: Sleeping          |    25 |     4 ||    29
       Distracted        |     1 |       ||     1
Armor: Robe              |    10 |     2 ||    12
Dodge: Dodged            |    24 |     6 ||    30

Levels and vault maps discovered:
D:1:      saegor_arrival_simple_c, layout_loops_ring,
          chequers_serial_rivers_micro_a
D:2:      layout_basic, lemuel_round_altar, uniq_terence, uniq_natasha

Notes
Turn   | Place    | Note
-------+----------+-------------------------------------------
     0 | D:1      | infcreate the Vampire Enchanter began the quest for the
                  | Orb.
     0 | D:1      | Reached XP level 1. HP: 13/13 MP: 3/3
   132 | D:1      | Reached XP level 2. HP: 15/15 MP: 5/5
   135 | D:1      | Learned a level 2 spell: Ensorcelled Hibernation
  1160 | D:1      | Reached XP level 3. HP: 20/20 MP: 2/6
  1471 | D:2      | Found a broken altar of Ashenzari.
  1492 | D:2      | Reached skill level 2 in Short Blades
  1492 | D:2      | Reached skill level 5 in Stealth
  1492 | D:2      | Reached skill level 5 in Hexes
  1666 | D:2      | Noticed Natasha
  1671 | D:2      | Noticed Terence
  1672 | D:2      | Killed Terence
  1673 | D:2      | Reached XP level 4. HP: 24/24 MP: 7/7
  1678 | D:2      | Learned a level 3 spell: Confusing Touch
  1681 | D:2      | Killed Natasha
  1691 | D:2      | Reached skill level 3 in Dodging
  1993 | D:2      | Noticed Natasha
  2044 | D:2      | HP: 2/24 [Natasha/magic dart (7)]
  2052 | D:2      | Slain by Natasha

Vanquished Creatures
  Natasha (D:2)
  Terence (D:2)
  An adder (D:2)
  An ooze (D:2)
  A worm (D:2)
  3 dart slugs
  2 ball pythons (D:2)
  2 giant cockroaches
  4 goblins (D:1)
  A hobgoblin (D:1)
  9 kobolds
  4 bats (D:1)
  4 frilled lizards (D:1)
  6 rats
40 creatures vanquished.

Table legend: (Time is in decaauts)
 A = Elapsed time spent in this place.
 B = Non-inter-level travel time spent in this place.
 C = Inter-level travel time spent in this place.
 D = Time resting spent in this place.
 E = Time spent auto-exploring this place.
 F = Levels seen in this place.
 G = Mean time per level.
                   A        B        C        D        E       F      G
               +--------+--------+--------+--------+--------+-----+--------+
         Total |   2047 |   1762 |    285 |    620 |      0 |   2 | 1023.5 |
       Dungeon |   2047 |   1762 |    285 |    620 |      0 |   2 | 1023.5 |
               +--------+--------+--------+--------+--------+-----+--------+

Top non-repeatable levels by time:
     D:1: 1227 daAuts
     D:2: 820 daAuts

Table legend:
 A = Non-vault XP
 B = Vault XP
 C = Vault XP percentage of total XP
 D = Non-vault monster count
 E = Vault monster count
 F = Vault count percentage of total count
                 A         B        C        D         E       F
            +---------+---------+-------+---------+---------+-------
      Total |      86 |      67 |  43.8 |      38 |       2 |   5.0
            +---------+---------+-------+---------+---------+-------
        D:1 |      43 |       0 |   0.0 |      26 |       0 |   0.0
        D:2 |      43 |      67 |  60.9 |      12 |       2 |  14.3
            +---------+---------+-------+---------+---------+-------
